 Dungeon Crawl Stone Soup version 0.28.0-53-g5a82cb258f (webtiles) character file.

Game seed: 1901578864628918819

3526 LostInTranslocation the Thaumaturge (level 9, -1/59 HPs)
             Began as a Demonspawn Hedge Wizard on May 21, 2022.
             Was an Initiate of Ashenzari.
             Slain by an orc
             ... wielding a +0 dagger
              (2 damage)
             ... on level 9 of the Dungeon.
             The game lasted 01:03:22 (12115 turns).

LostInTranslocation the Thaumaturge (DsWz)         Turns: 12115, Time: 01:03:24

Health: -1/59      AC: 17    Str: 10    XL:     9   Next: 82%
Magic:  31/31      EV: 14    Int: 19    God:    Ashenzari [......]
Gold:   149        SH:  5    Dex: 16    Spells: 14/26 levels left

rFire   . . .      SeeInvis .   b - +5 whip "Ozxigg" {protect, Fly rPois rC+ Dex+2}
rCold   + . .      Faith    .   k - +0 buckler
rNeg    + . .      Spirit   .   y - +1 robe {rN+}
rPois   +          Reflect  .   c - +1 hat
rElec   .          Harm     .   D - +0 cloak
rCorr   .          Rampage  +   (no gloves)
Will    .....                   w - +2 pair of boots of the Manifest Prison {rampage, Bglg, Fort} (curse)
Stlth   ++........              (no amulet)
HPRegen 0.19/turn               t - ring of magical power
MPRegen 0.22/turn               (no ring)

@: under a protective aura, flying, studying Spellcasting
A: hooves 1, ignite blood 1, powered by death 1, sharp scales 2
a: Renounce Religion, Curse Item, Shatter the Chains


You were on level 9 of the Dungeon.
You worshipped Ashenzari.
Ashenzari was noncommittal.
You visited 2 branches of the dungeon, and saw 10 of its levels.

You collected 386 gold pieces.
You spent 237 gold pieces at shops.

Inventory:

Hand Weapons
 a - a +2 dagger of venom
 b - the +5 whip "Ozxigg" (weapon) {protect, Fly rPois rC+ Dex+2}
   (You found it on level 2 of the Dungeon)

   It grants its wielder temporary protection when it strikes (+7 to AC).
   Dex:       It affects your dexterity (+2).
   rC:        It protects you from cold.
   rPois:     It protects you from poison.
   Fly:       It grants you flight.
 j - a +1 spear of venom
 m - a +0 spectral dagger
 q - a +4 whip
 A - the +6 hunting sling of Dilulir {vorpal, rC+ rCorr}
   (You found it on level 4 of the Dungeon)

   Any ammunition fired from it inflicts extra damage upon your enemies.
   rC:        It protects you from cold.
   rCorr:     It protects you from acid and corrosion.
Missiles
 g - 241 stones
 h - 7 boomerangs (quivered)
Armour
 c - a +1 hat (worn)
 f - an orb of wrath
 k - a +0 buckler (worn)
 v - the +0 pair of gloves "Cousheb" {-Cast rF++ Dex+3}
   (You bought it in a shop on level 5 of the Dungeon)

   Dex:       It affects your dexterity (+3).
   rF:        It greatly protects you from fire.
   -Cast:     It prevents spellcasting.
 w - the cursed +2 pair of boots of the Manifest Prison (worn) {rampage, Bglg, Fort}
   (You found it on level 4 of the Dungeon)

   It has a curse which improves the following skills: Beguiling: Conjurations,
   Hexes and Translocations.
   Fortitude: Armour and Shields.
 y - a +1 robe of positive energy (worn)
 D - a +0 cloak (worn)
Magical Staves
 p - a staff of cold
 r - a staff of earth
 u - a staff of poison
Jewellery
 t - a ring of magical power (left hand)
Wands
 z - a wand of flame (29)
 K - a wand of iceblast (7)
Scrolls
 o - 6 scrolls of teleportation
 x - 2 scrolls of amnesia
 F - a scroll of immolation
 G - a scroll of identify
 J - a scroll of enchant armour
 L - a scroll of blinking {unknown}
Potions
 d - 3 potions of curing
 e - 7 potions of heal wounds
 i - a potion of haste
 l - 2 potions of degeneration
 n - a potion of flight
 s - a potion of brilliance
 B - a potion of attraction
 C - a potion of resistance
 E - a potion of ambrosia {unknown}
 H - a potion of lignification {unknown}
 I - a potion of might


   Skills:
 - Level 1.4 Fighting
 - Level 4.9 Dodging
 - Level 1.8 Stealth
 - Level 5.0(5.5) Shields
 - Level 9.1 Spellcasting
 + Level 5.2(5.6) Conjurations
 - Level 3.1 Summonings
 - Level 3.1(3.4) Translocations
 - Level 2.8 Transmutations
 - Level 1.7 Air Magic
 + Level 2.9 Poison Magic


You had 14 spell levels left.
You knew the following spells:

 Your Spells              Type           Power      Damage    Failure   Level
a - Blink                 Tloc           42%        N/A       3%          2
b - Call Imp              Summ           20%        N/A       4%          2
c - Mephitic Cloud        Conj/Pois/Air  21%        N/A       8%          3
d - Wereblood             Tmut           19%        N/A       4%          2
e - Spider Form           Tmut/Pois      19%        N/A       10%         3

Your spell library contained the following spells:

 Spells                   Type           Power      Damage    Failure   Level
 Magic Dart               Conj           100%       1d8       1%          1
 Beastly Appendage        Tmut           38%        N/A       3%          1
 Gell's Gravitas          Tloc           21%        N/A       8%          3
 Lesser Beckoning         Tloc           21%        N/A       8%          3
 Teleport Other           Tloc           21%        N/A       8%          3
 Passwall                 Tmut/Erth      11%        N/A       9%          2
 Slow                     Hex            32%        N/A       10%         1
 Conjure Flame            Conj/Fire      19%        6-21      10%         3
 Corpse Rot               Necr/Air       24%        N/A       11%         2
 Ensorcelled Hibernation  Hex/Ice        16%        N/A       16%         2
 Swiftness                Air            15%        N/A       16%         3
 Confusing Touch          Hex            8%         N/A       30%         3
 Vampiric Draining        Necr           8%         2d6       30%         3
 Dispel Undead            Necr           8%         3d8       71%         4
 Death Channel            Necr           4%         N/A       100%        6


Dungeon Overview and Level Annotations

Branches:
Dungeon (9/15)             Temple (1/1) D:5
   Lair: D:8-11         Orc: D:9-12

Altars:
Ashenzari
Cheibriados
Dithmenos
Elyvilon
Fedhas
Gozag
Hepliaklqana
Kikubaaqudgha
Makhleb
Nemelex Xobeh
Okawaru
Qazlal
Ru
Sif Muna
Trog
Uskayaw
Vehumet
Wu Jian
Xom
Yredelemnul
The Shining One
Beogh

Shops:
D:5 [

Annotations:
D:7 1 exclusion
D:8 3 runed translucent doors, Jingleheimer's ghost, novice DjCj


Innate Abilities, Weirdness & Mutations

You have large cloven feet.
Your demonic aura sometimes causes spilled blood to erupt in flames.
You regenerate a little health from kills.
You are mostly covered in razor-sharp scales. (AC +2, Slay +2)


Message History

You block the two-headed ogre's attack. The two-headed ogre closely misses you.
The orc hits you but does no damage.
You hit the two-headed ogre.
The two-headed ogre is severely wounded.
You block the orc's attack. The two-headed ogre misses you.
The two-headed ogre barely misses you. The orc misses you.
The orc hits itself but does no damage.
You hit the two-headed ogre but do no damage.
The two-headed ogre is severely wounded.
The orc closely misses you.
The two-headed ogre hits you with a +0 giant spiked club!
You block the two-headed ogre's attack. The orc hits you but does no damage.
You hit the two-headed ogre.
The two-headed ogre is severely wounded.
The orc closely misses you. The two-headed ogre closely misses you.
The two-headed ogre hits you but does no damage.
The orc closely misses you.
You barely miss the two-headed ogre.
The two-headed ogre is severely wounded.
The orc closely misses you. The two-headed ogre barely misses you.
The two-headed ogre completely misses you.
You hit the two-headed ogre.
The two-headed ogre is severely wounded.
The orc closely misses you.
The two-headed ogre completely misses you. x2
You hit the two-headed ogre.
The two-headed ogre is almost dead.
You block the orc's attack.
The orc hits the two-headed ogre but does no damage.
You whack the two-headed ogre!
The two-headed ogre is almost dead.
The two-headed ogre completely misses you.
The two-headed ogre barely misses you. The orc closely misses you.
You barely miss the two-headed ogre.
The two-headed ogre is almost dead.
The two-headed ogre hits you with a +0 giant spiked club!!
* * * LOW HITPOINT WARNING * * *
The two-headed ogre hits you but does no damage.
The orc hits you with a +0 dagger.
You die...

#########.## #.# #.#
### ### #.# ##.## #...
#.# ##...## # #...###
#.####.....##.#
......###..##.......#.#
.........)............#
......###..##..O@o..#
#...##.....###.o...##
#... #.##.## ##...##
### #..... ##.## .....
###.# ...... #...#
#[..... #.#.# ##.#.#
#>.).#


You could see a two-headed ogre and 2 orcs.

Vanquished Creatures
  A two-headed ogre (D:8)
  Sigmund (D:5)
  Duvessa (D:7)
  A water moccasin (D:6)
  2 orc warriors
  A black bear (D:7)
  2 ice beasts (D:8)
  An ogre (D:6)
  A hornet zombie (D:7)
  A necrophage (D:6)
  3 bullfrogs
  A gnoll sergeant (D:5)
  A water moccasin zombie (D:5)
  A scorpion (D:6)
  A wyvern skeleton (D:7)
  Dowan (D:7)
  A water moccasin skeleton (D:4)
  A killer bee (D:9)
  An electric eel (D:7)
  A jelly (D:3)
  A howler monkey (D:7)
  A bullfrog skeleton (D:5)
  2 centaur zombies
  4 orc priests
  Crazy Yiuf (D:2)
  6 hounds
  2 iguanas
  9 orc wizards
  2 howler monkey zombies
  A hound skeleton (D:5)
  A howler monkey skeleton (D:7)
  5 gnolls
  6 adders
  3 shadow imps (D:7)
  2 white imps (D:6)
  2 adder skeletons (D:4)
  2 worms
  6 dart slugs
  24 orcs
  6 ball pythons
  4 bats
  9 endoplasms
  7 giant cockroaches
  8 hobgoblins
  10 jackals
  5 quokkas
  5 frilled lizards
  6 goblins
  6 kobolds
  16 rats
186 creatures vanquished.

Vanquished Creatures (collateral kills)
  A scorpion (D:5)
  A hound (D:6)
  2 jellies (D:5)
  2 adders
  2 gnolls (D:3)
  3 orcs
  2 hobgoblins
  2 jackals
  A quokka (D:3)
  A goblin (D:3)
  A kobold (D:3)
18 creatures vanquished.

Grand Total: 204 creatures vanquished

Notes
Turn   | Place    | Note
-------+----------+-------------------------------------------
     0 | D:1      | LostInTranslocation the Demonspawn Hedge Wizard began the
                  | quest for the Orb.
     0 | D:1      | Reached XP level 1. HP: 13/13 MP: 4/4
     1 | D:1      | Found a runed translucent door.
   579 | D:1      | Gained mutation: You are partially covered in razor-sharp
                  | scales. (AC +1, Slay +1) [demonic ancestry]
   579 | D:1      | Reached XP level 2. HP: 11/20 MP: 3/6
   587 | D:1      | Reached skill level 1 in Fighting
   998 | D:1      | Learned a level 2 spell: Call Imp
  1006 | D:1      | Found a faded altar of an unknown god.
  1154 | D:1      | Reached XP level 3. HP: 20/26 MP: 8/8
  2284 | D:2      | Gained mutation: Your demonic aura sometimes causes spilled
                  | blood to erupt in flames. [demonic ancestry]
  2284 | D:2      | Reached XP level 4. HP: 32/32 MP: 7/9
  2451 | D:2      | Identified the +5 whip "Ozxigg" {protect, Fly rPois rC+
                  | Dex+2}
  2711 | D:2      | Found a runed translucent door.
  2712 | D:2      | Noticed Crazy Yiuf
  3025 | D:3      | Reached skill level 4 in Spellcasting
  3477 | D:3      | Reached XP level 5. HP: 30/37 MP: 7/11
  4478 | D:3      | Reached skill level 5 in Spellcasting
  4893 | D:4      | Gained mutation: You regenerate a little health from kills.
                  | [demonic ancestry]
  4893 | D:4      | Reached XP level 6. HP: 25/43 MP: 14/14
  5181 | D:4      | Learned a level 3 spell: Mephitic Cloud
  5326 | D:4      | Learned a level 2 spell: Wereblood
  5815 | D:4      | Reached skill level 1 in Air Magic
  5815 | D:4      | Reached skill level 1 in Poison Magic
  6076 | D:4      | Identified the +6 hunting sling of Dilulir {vorpal, rC+
                  | rCorr}
  6543 | D:5      | Entered Level 5 of the Dungeon
  6638 | D:5      | Found Getilaha's Antique Armour Emporium.
  6738 | D:5      | Noticed Sigmund
  6802 | D:5      | Gained mutation: You have large cloven feet. [demonic
                  | ancestry]
  6802 | D:5      | Reached XP level 7. HP: 47/48 MP: 15/15
  7509 | D:5      | Reached skill level 1 in Shields
  7822 | D:6      | Reached XP level 8. HP: 50/54 MP: 16/16
  7931 | D:5      | Bought a pair of transparent gloves for 237 gold pieces
  7931 | D:5      | Identified the +0 pair of gloves "Cousheb" {-Cast rF++
                  | Dex+3} (You bought it in a shop on level 5 of the Dungeon)
  8162 | D:2      | Killed Crazy Yiuf
  8523 | D:5      | Killed Sigmund
  8659 | D:6      | Reached skill level 6 in Spellcasting
  9056 | D:5      | Found a staircase to the Ecumenical Temple.
  9066 | Temple   | Entered the Ecumenical Temple
  9262 | Temple   | Became a worshipper of Ashenzari the Shackled
  9391 | D:6      | Reached skill level 5 in Shields
  9505 | D:6      | Reached skill level 7 in Spellcasting
  9711 | D:6      | Found a shimmering blue altar of Sif Muna.
 10155 | D:7      | Found an ornate altar of the Wu Jian Council.
 10210 | D:7      | Noticed a two-headed ogre
 10341 | D:7      | Noticed Duvessa
 10354 | D:7      | Killed Duvessa
 10419 | D:7      | Noticed Dowan
 10431 | D:7      | Killed Dowan
 10497 | D:7      | Reached skill level 8 in Spellcasting
 10503 | D:7      | Gained mutation: You are mostly covered in razor-sharp
                  | scales. (AC +2, Slay +2) [demonic ancestry]
 10503 | D:7      | Reached XP level 9. HP: 53/59 MP: 21/21
 10898 | D:7      | Learned a level 2 spell: Blink
 10911 | D:7      | Learned a level 3 spell: Spider Form
 10917 | D:7      | Reached skill level 1 in Translocations
 10951 | D:7      | Reached skill level 9 in Spellcasting
 10988 | D:7      | Noticed a manticore
 11145 | D:8      | Found a runed translucent gate.
 11166 | D:8      | Reached skill level 1 in Transmutations
 11193 | D:8      | Found a runed translucent gate.
 11193 | D:8      | Found a runed translucent gate.
 11194 | D:8      | Noticed Jingleheimer's ghost (novice DjCj)
 11329 | D:8      | Found a hide-covered altar of Uskayaw.
 11330 | D:8      | Found a stormy altar of Qazlal.
 11383 | D:8      | Noticed a two-headed ogre
 11390 | D:8      | Killed a two-headed ogre
 11543 | D:8      | Reached skill level 5 in Conjurations
 11826 | D:8      | Found a burning altar of Makhleb.
 12067 | D:9      | Noticed a two-headed ogre
 12115 | D:9      | HP: 1/59 [two-headed ogre/+0 giant spiked club (26)]
 12115 | D:9      | Slain by an orc

Illustrated notes

Levels and vault maps discovered:
D:1:      dpeg_arrival_caged_fury, layout_basic,
          hellmonk_ecumenical_altar_defaced_shrine
D:2:      layout_basic, st_stairs_9, hex_tiny, minmay_misc_feat_tiny,
          chequers_serial_rivers_micro_b, lightli_corner_chamber,
          uniq_crazy_yiuf_cottage
D:3:      minmay_diamond_boxcup, layout_loops_corners, due_unseen_surprise
D:4:      layout_layer_cave, minmay_a_box_with_orc_wizards_in_it
D:5:      layout_cave_pods, minmay_temple_entry_from_below_b, serial_shops,
          shop_statue, chequers_serial_rivers_micro_c, minmay_manual_monstrance,
          uniq_sigmund
D:6:      layout_basic, led_sif_pool, minmay_misc_feat_diagonals
D:7:      nzn_winding_woodlands_medium [nzn_winding_woodlands_5x5_checkerboard,
          nzn_winding_woodlands_5x15_river_crossing,
          nzn_winding_woodlands_5x5_open_star, nzn_winding_woodlands_hourglass,
          nzn_winding_woodlands_center_lodge, nzn_winding_woodlands_5x5_default,
          nzn_winding_woodlands_5x5_three, nzn_winding_woodlands_5x15_eye,
          nzn_winding_woodlands_5x5_default], layout_basic,
          mainiacjoe_overflow_boulevard, minmay_misc_feat_pillars, uniq_duvessa
D:8:      layout_loops_ring, mainiacjoe_overflow_alcove_4,
          mainiacjoe_overflow_divided_tiny, gammafunk_ghost_spectres
D:9:      layout_loops_ring
Temple:   eino_temple_scatter_basement

Skill      XL: |  1  2  3  4  5  6  7  8  9 |
---------------+----------------------------+-----
Fighting       | 1 |  1.4
Summonings     | 2 3 |  3.1
Spellcasting   | 4 5 8 9 |  9.1
Air Magic      | 1 |  1.7
Poison Magic   | 1 2 |  2.9
Conjurations   | 2 4 5 |  5.2
Shields        | 2 5 |  5.0
Dodging        | 3 4 |  4.9
Translocations | 3 |  3.1
Transmutations | 2 |  2.8
Stealth        | |  1.8

Action                   |  1- 3 |  4- 6 |  7- 9 || total
-------------------------+-------+-------+-------++-------
Melee: Staff             |    57 |       |       ||    57
       Dagger            |     9 |    10 |       ||    19
       Punch             |     2 |     4 |     2 ||     8
       Whip              |       |   177 |   401 ||   578
Throw: Boomerang         |       |       |     2 ||     2
 Cast: Magic Dart        |    58 |    38 |       ||    96
       Call Imp          |     7 |    24 |    18 ||    49
       Mephitic Cloud    |       |       |    20 ||    20
       Wereblood         |       |       |     2 ||     2
Invok: Curse Item        |       |       |     1 ||     1
  Use: Scroll            |       |    13 |     4 ||    17
 Stab: Distracted        |     1 |     2 |     3 ||     6
       Sleeping          |       |     4 |     4 ||     8
       Confused          |       |       |    18 ||    18
Armor: Robe              |    20 |    66 |   160 ||   246
Dodge: Dodged            |    62 |   107 |   205 ||   374
Block: Buckler           |       |       |    53 ||    53
